 Dungeon Crawl Stone Soup version 0.22.1-1-ga44c0e56f4 (webtiles) character file.

50621 deluxius the Fighter (level 14, -5/96 HPs)
             Began as a Gargoyle Berserker on Oct 17, 2018.
             Was the Champion of Trog.
             Killed from afar by a frost giant (20 damage)
             ... with a bolt of cold
             ... on level 1 of the Depths.
             The game lasted 01:27:18 (20759 turns).

deluxius the Fighter (Gargoyle Berserker)          Turns: 20759, Time: 01:27:18

Health: -5/96      AC: 32    Str: 27    XL:     14   Next: 56%
Magic:  14/14      EV:  9    Int:  9    God:    Trog [******]
Gold:   277        SH: 13    Dex: 10    Spells: 13/13 levels left

rFire    . . .     SeeInvis +   N - +5 scimitar (flame)
rCold    . . .     Gourm    +   y - +0 shield
rNeg     + . .     Faith    .   I - +0 plate armour
rPois    ∞         Spirit   .   g - +1 helmet {SInv}
rElec    +         Reflect  .   J - +2 cloak {MR+}
rCorr    +         Harm     .   n - +0 pair of gloves
MR       ++...                  (no boots)
Stlth    ..........             m - amulet of the gourmand
HPRegen  0.26/turn              u - +3 ring of strength
MPRegen  0.14/turn              A - ring of resist corrosion

@: flying
A: big wings, negative energy resistance 1, electricity resistance, unbreathing,
petrification resistance, rot immunity, AC +10
a: Stop Flying, Berserk, Trog's Hand, Brothers in Arms, Renounce Religion


You were on level 1 of the Depths.
You worshipped Trog.
Trog was exalted by your worship.
You were full.

You visited 2 branches of the dungeon, and saw 16 of its levels.
You visited 1 bazaar.
You also visited: Ice Cave.

You collected 821 gold pieces.
You spent 544 gold pieces at shops.

Inventory:

Hand Weapons
 a - a +4 falchion
 N - a +5 scimitar of flaming (weapon)
 T - a +2 great sword
 Y - a +3 long sword
Missiles
 Q - 3 javelins (quivered)
 R - 6 tomahawks of returning
Armour
 g - a +1 helmet of see invisible (worn)
 n - a +0 pair of gloves (worn)
 y - a +0 shield (worn)
 I - a +0 plate armour (worn)
 J - a +2 cloak of magic resistance (worn)
 P - +0 steam dragon scales
Jewellery
 m - an amulet of the gourmand (around neck)
 u - a +3 ring of strength (left hand)
 A - a ring of resist corrosion (right hand)
 B - an uncursed ring of poison resistance
Wands
 i - a wand of paralysis (13)
 v - a wand of iceblast (8)
 G - a wand of acid (9)
 L - a wand of flame (60)
 S - a wand of random effects (28)
 U - a wand of polymorph (7)
Scrolls
 d - 2 scrolls of identify
 k - 2 scrolls of immolation
 o - a scroll of magic mapping {unknown}
 r - 3 scrolls of remove curse
 C - 2 scrolls of noise
 D - 2 scrolls of blinking
 O - a scroll of amnesia {unknown}
 W - 4 scrolls of enchant armour {unknown}
 X - a scroll of brand weapon {unknown}
Potions
 b - a potion of heal wounds
 e - a potion of mutation {unknown}
 f - a potion of invisibility {unknown}
 h - 4 potions of degeneration
 j - a potion of magic {unknown}
 l - a potion of resistance {unknown}
 p - 2 potions of haste
 q - 3 potions of brilliance
 s - 3 potions of lignification
 t - 2 potions of flight {unknown}
 w - 11 potions of curing
 x - a potion of agility {unknown}
 z - 2 potions of berserk rage {unknown}
 V - a potion of might {unknown}
Comestibles
 c - 29 rations


   Skills:
 * Level 14.4 Fighting
 + Level 13.6 Long Blades
 + Level 0.4 Throwing
 + Level 10.2 Armour
 + Level 4.2 Dodging
 - Level 1.2 Stealth
 + Level 12.2 Shields
 + Level 0.2 Evocations


You had 13 spell levels left.
You didn't know any spells.
Your spell library contained the following spells:

 Spells                   Type           Power        Failure   Level  Hunger
 Magic Dart               Conj           #...         99%         1    ##.....
 Searing Ray              Conj           #.....       100%        2    ###....
 Dazzling Spray           Conj/Hex       #.....       100%        3    ####...
 Force Lance              Conj/Tloc      #.......     100%        4    #####..
 Fulminant Prism          Conj/Hex       #.........   100%        4    #####..
 Iskenderun's Mystic Bla  Conj           #.......     100%        4    #####..


Dungeon Overview and Level Annotations

Branches:
Dungeon (15/15)            Temple (0/1) D:6             Orc (0/2) D:10
 Vaults (0/5) D:13         Depths (1/5) D:15
   Lair: D:8-11

Altars:
Dithmenos
Elyvilon
Gozag
Kikubaaqudgha
Nemelex Xobeh
Okawaru
Qazlal
Ru
Uskayaw
Vehumet
Xom
The Shining One

Shops:
D:11 !*


Innate Abilities, Weirdness & Mutations

You are resistant to torment.
Your stone body is resilient. (AC +10)
You are immune to poison.
Your large and strong wings let you fly indefinitely.
You resist negative energy. (rN+)
You are resistant to electric shocks. (rElec)
You can survive without breathing.
You are immune to petrification.
You are immune to rotting.


Message History

The slime creature hits you but does no damage.
You slice the slime creature!! You burn the slime creature!
The slime creature is almost dead.
The slime creature closely misses you.
You riposte.
You barely miss the slime creature.
The slime creature is almost dead.
You slice the slime creature!! You burn the slime creature.
You kill the slime creature!
Trog accepts your kill. The large slime creature hits you!!
You block the slime creature's attack.
A frost giant comes into view. It is wielding a battleaxe of freezing.
The frost giant shouts!
The frost giant gestures at you while chanting.
The bolt of cold hits you!
The frost giant gestures at you while chanting.
The bolt of cold hits you!
* * * LOW HITPOINT WARNING * * *
The frost giant casts a spell at you. The bolt of cold hits you!
You die...

...# ...# ...# . ...# ..
C..#
...##############...####
...............J........
...............J..).....
....!.(.(.....<.@.......
#...################....
#.. ... # .


You could see a frost giant, a large slime creature and a slime creature.

Vanquished Creatures
  A hydra (D:15)
  3 vault guards (D:13)
  5 centaur warriors
  5 two-headed ogres
  A death knight (D:13)
  An alligator (shapeshifter) (D:13)
  A tengu warrior (D:14)
  An ogre mage (D:10)
  Urug (D:13)
  The ghost of topfpfpflanze the Insei, a novice DsTm of Makhleb (D:7)
  3 unseen horrors
  A glowing orange brain (D:15)
  An orc knight (D:14)
  A wizard (D:12)
  A cyclops (shapeshifter) (D:15)
  19 ugly things
  5 cyclopes
  2 deep elf magi
  A manticore (D:12)
  A moth of wrath (shapeshifter) (D:15)
  2 komodo dragons
  4 kobold demonologists
  An efreet (D:15)
  2 trolls
  3 meliai (D:15)
  2 hornets
  A queen bee (D:10)
  The ghost of Blejac999 the Slasher, an amateur HaFi (D:4)
  5 hippogriffs
  10 slime creatures
  A meliai zombie (D:11)
  3 shadows
  7 yaks (D:12)
  A vampire (D:14)
  3 wyverns
  A wraith (D:15)
  3 steam dragons (D:11)
  2 vampire mosquitoes (D:14)
  7 hungry ghosts
  A death yak simulacrum (IceCv)
  A two-headed ogre zombie (D:10)
  A water moccasin (shapeshifter) (D:14)
  A water moccasin (D:8)
  9 orc warriors
  3 ice beasts
  A hornet zombie (D:8)
  2 sky beasts
  A black bear (D:8)
  5 phantoms
  A necrophage (D:13)
  8 centaurs
  5 ogres
  A wolf (D:9)
  3 crocodiles
  6 big kobolds
  13 bullfrogs
  2 wyvern zombies
  2 gnoll sergeants
  6 scorpions
  29 killer bees
  A troll zombie (D:10)
  3 wights (D:10)
  7 howler monkeys
  A spectral bullfrog (D:12)
  9 crimson imps
  6 centaur zombies
  2 quasits
  3 bullfrog zombies
  3 jellies
  6 hounds
  7 orc priests
  9 orc wizards
  2 bullfrog skeletons
  6 centaur skeletons
  2 iguanas
  12 worker ants
  A killer bee zombie (D:10)
  A wolf simulacrum (IceCv)
  6 ogre zombies (D:10)
  A howler monkey zombie (D:5)
  9 gnolls
  11 adders
  6 shadow imps
  2 oozes
  2 adder zombies
  4 worms
  2 dart slugs
  2 leopard geckos
  41 orcs
  2 ball pythons
  8 bats
  6 giant cockroaches
  7 goblins
  7 hobgoblins
  12 jackals
  5 quokkas
  A ball python skeleton (D:5)
  8 frilled lizards
  A goblin skeleton (D:10)
  5 goblin zombies (D:10)
  4 hobgoblin skeletons (D:10)
  2 hobgoblin zombies (D:10)
  27 kobolds
  A leopard gecko skeleton (D:7)
  An orc skeleton (D:10)
  12 orc zombies (D:10)
  2 quokka skeletons
  3 rats
  A fungus (D:1)
497 creatures vanquished.

Vanquished Creatures (collateral kills)
  Erica (D:9)
  Grum (D:9)
  A porcupine (D:8)
  An ogre (D:6)
  2 black bears (D:8)
  2 wolves (D:9)
  A bullfrog (D:8)
  3 killer bees (D:9)
  A hound (D:9)
  An orc wizard (D:8)
  3 orcs
  3 jackals (D:6)
20 creatures vanquished.

Vanquished Creatures (others)
  An orc (D:3)
  A quokka (D:3)
2 creatures vanquished.

Grand Total: 519 creatures vanquished

Notes
Turn   | Place    | Note
-------+----------+-------------------------------------------
     0 | D:1      | deluxius the Gargoyle Berserker began the quest for the
                  | Orb.
     0 | D:1      | Reached XP level 1. HP: 14/14 MP: 1/1
   338 | D:1      | Reached XP level 2. HP: 18/19 MP: 2/2
   828 | D:2      | Reached XP level 3. HP: 9/23 MP: 3/3
  1051 | D:2      | Reached ** piety under Trog
  1219 | D:2      | Found an iron altar of Okawaru.
  1328 | D:2      | Found a sacrificial altar of Ru.
  1381 | D:2      | Reached skill level 1 in Stealth
  1478 | D:2      | Found a sparkling altar of Nemelex Xobeh.
  1734 | D:2      | Noticed a bullfrog
  1991 | D:3      | Reached XP level 4. HP: 28/29 MP: 4/4
  2008 | D:3      | Found a white marble altar of Elyvilon.
  2199 | D:3      | Found a hide-covered altar of Uskayaw.
  2545 | D:3      | Reached XP level 5. HP: 30/33 MP: 5/5
  3446 | D:4      | Reached skill level 4 in Fighting
  3446 | D:4      | Reached skill level 1 in Shields
  3524 | D:4      | Reached XP level 6. HP: 38/38 MP: 6/6
  3621 | D:4      | Found a large runed door.
  3621 | D:4      | Found a large runed door.
  3628 | D:4      | Noticed Blejac999's ghost (amateur HaFi)
  3654 | D:4      | Found a shadowy altar of Dithmenos.
  3655 | D:4      | Found a stormy altar of Qazlal.
  3656 | D:4      | Found an ancient bone altar of Kikubaaqudgha.
  3813 | D:4      | Reached *** piety under Trog
  4150 | D:4      | Found a shimmering altar of Xom.
  4194 | D:4      | Found a sparkling altar of Nemelex Xobeh.
  4254 | D:4      | Killed Blejac999's ghost
  4254 | D:4      | Reached skill level 5 in Long Blades
  4254 | D:4      | Reached XP level 7. HP: 13/44 MP: 7/7
  4508 | D:5      | Entered Level 5 of the Dungeon
  4626 | D:5      | Reached skill level 5 in Fighting
  5206 | D:5      | Reached XP level 8. HP: 50/50 MP: 8/8
  5760 | D:6      | Found a faded altar of an unknown god.
  5760 | D:6      | Found a staircase to the Ecumenical Temple.
  5831 | D:6      | Reached skill level 6 in Fighting
  6112 | D:6      | Reached **** piety under Trog
  6479 | D:6      | Reached skill level 5 in Armour
  6853 | D:7      | Reached XP level 9. HP: 48/56 MP: 9/9
  6998 | D:7      | Reached skill level 5 in Shields
  7209 | D:7      | Found a runed door.
  7210 | D:7      | Noticed topfpfpflanze's ghost (novice DsTm)
  7237 | D:7      | Killed topfpfpflanze's ghost
  7237 | D:7      | Reached skill level 7 in Fighting
  8239 | D:8      | Found an opulent altar of Gozag.
  8292 | D:8      | Reached XP level 10. HP: 59/64 MP: 10/10
  8345 | D:8      | Found a radiant altar of Vehumet.
  8350 | D:8      | Reached skill level 8 in Fighting
  8758 | D:8      | Found a glowing golden altar of the Shining One.
  9247 | D:9      | Reached ***** piety under Trog
  9297 | D:9      | Noticed Erica
  9298 | D:9      | Noticed Grum
  9306 | D:9      | Killed Grum
  9320 | D:9      | Killed Erica
  9719 | D:9      | Reached skill level 9 in Fighting
  9965 | D:10     | Entered Level 10 of the Dungeon
 10108 | D:10     | Found a staircase to the Orcish Mines.
 10473 | D:10     | Noticed a two-headed ogre
 10531 | D:10     | Killed a two-headed ogre
 10531 | D:10     | Received a gift from Trog
 10531 | D:10     | Reached XP level 11. HP: 48/72 MP: 11/11
 10895 | D:10     | Noticed a centaur warrior
 10907 | D:10     | Killed a centaur warrior
 10907 | D:10     | Reached skill level 10 in Long Blades
 10916 | D:10     | Noticed an ogre mage
 10962 | D:10     | Killed an ogre mage
 10962 | D:10     | Reached skill level 10 in Fighting
 11791 | D:11     | Noticed a cyclops
 12013 | D:11     | Killed a cyclops
 12088 | D:11     | Noticed a cyclops
 12094 | D:11     | Killed a cyclops
 12101 | D:11     | Noticed a brown ugly thing
 12117 | D:11     | Killed a brown ugly thing
 12146 | D:11     | Found a gateway to a bazaar.
 12152 | Bazaar   | Entered a bazaar
 12224 | Bazaar   | Found Aghaoses's Assorted Antiques.
 12228 | Bazaar   | Bought a blackened diamond amulet for 170 gold pieces
 12242 | Bazaar   | Found Kemir's Antique Armour Emporium.
 12261 | Bazaar   | Found Losohuebb's Assorted Antiques.
 12272 | Bazaar   | Found Calepef's Antique Armour Emporium.
 12280 | Bazaar   | Bought a shiny helmet for 187 gold pieces
 12280 | Bazaar   | Bought an embroidered cloak for 187 gold pieces
 12796 | D:11     | Found Doesk's Distillery.
 13024 | D:11     | Found Cos Maba's General Store.
 13538 | D:12     | Noticed a wizard
 13560 | D:12     | Killed a wizard
 13560 | D:12     | Reached XP level 12. HP: 72/79 MP: 12/12
 13612 | D:12     | Noticed a two-headed ogre
 13620 | D:12     | Killed a two-headed ogre
 13682 | D:12     | Reached skill level 11 in Fighting
 14499 | D:12     | Reached skill level 10 in Shields
 14766 | D:13     | Noticed Urug
 14790 | D:13     | Killed Urug
 14790 | D:13     | Received a gift from Trog
 15236 | D:13     | Noticed a two-headed ogre
 15247 | D:13     | Killed a two-headed ogre
 15247 | D:13     | Reached skill level 12 in Fighting
 15273 | D:13     | Noticed a two-headed ogre
 15280 | D:13     | Killed a two-headed ogre
 15370 | D:13     | Found a gate to the Vaults.
 15370 | D:13     | Noticed a vault guard
 15370 | D:13     | Noticed a vault guard
 15370 | D:13     | Noticed a vault guard
 15370 | D:13     | Noticed a vault guard
 15370 | D:13     | Noticed a death knight
 15395 | D:13     | Noticed an anaconda
 15455 | D:13     | Killed a vault guard
 15521 | D:13     | Noticed a queen ant
 15540 | D:13     | Killed a death knight
 15540 | D:13     | Reached XP level 13. HP: 52/87 MP: 13/13
 15602 | D:13     | Killed a vault guard
 15997 | D:13     | Killed a vault guard
 16223 | D:14     | Found a frozen archway.
 16332 | IceCv    | Entered an ice cave
 16414 | D:14     | Reached ****** piety under Trog
 16730 | D:14     | Reached skill level 13 in Fighting
 16810 | D:14     | Received a gift from Trog
 17916 | D:14     | Gained mutation: Your large and strong wings let you fly
                  | indefinitely. [Gargoyle growth]
 17916 | D:14     | Reached XP level 14. HP: 91/94 MP: 14/14
 18197 | D:15     | Entered Level 15 of the Dungeon
 18726 | D:15     | Reached skill level 10 in Armour
 19439 | D:15     | Reached skill level 14 in Fighting
 20331 | D:15     | Found a staircase to the Depths.
 20727 | Depths:1 | Entered Level 1 of the Depths
 20755 | Depths:1 | Noticed a frost giant
 20759 | Depths:1 | Killed from afar by a frost giant

Skill      XL: |  1  2  3  4  5  6  7  8  9 10 11 12 13 14 |
---------------+-------------------------------------------+-----
Long Blades    | 3 4 5 6 8 9 10 11 13 | 13.6
Stealth        | 1 |  1.2
Armour         | 3 4 5 6 7 8 9 10 | 10.2
Dodging        | 2 3 4 |  4.2
Fighting       | 4 5 6 7 9 10 12 13 14 | 14.4
Shields        | 1 2 4 5 7 9 10 11 12 | 12.2
Throwing       | |  0.4
Evocations     | |  0.2

Action                   |  1- 3 |  4- 6 |  7- 9 | 10-12 | 13-15 || total
-------------------------+-------+-------+-------+-------+-------++-------
Melee: Falchion          |   118 |   171 |   429 |   162 |       ||   880
       Scimitar          |       |       |       |   635 |   644 ||  1279
Throw: Javelin           |       |       |       |     3 |     5 ||     8
Invok: Berserk           |       |     3 |     4 |     2 |     2 ||    11
       Brothers in Arms  |       |       |     1 |     2 |       ||     3
       Trog's Hand       |       |       |     1 |       |     2 ||     3
 Abil: Fly               |       |       |       |       |     1 ||     1
Evoke: Wand              |       |       |     2 |     4 |     2 ||     8
  Use: Scroll            |       |     1 |     7 |    13 |    11 ||    32
       Potion            |       |       |     1 |     1 |     8 ||    10
 Stab: Paralysed         |       |       |     4 |       |     4 ||     8
  Eat: Chunk             |     2 |     7 |    11 |    36 |    21 ||    77
       Ration            |       |     1 |     3 |     2 |       ||     6
Armor: Ring mail         |    66 |    95 |    20 |       |       ||   181
       Chain mail        |       |       |   103 |       |       ||   103
       Plate armour      |       |       |    62 |   567 |   371 ||  1000
Dodge: Dodged            |    92 |    61 |   118 |   262 |   143 ||   676
Block: Shield            |       |    71 |   198 |   593 |   396 ||  1258
       Rpst.: Falchion   |    37 |    16 |    35 |    14 |       ||   102
       Scimitar          |       |       |       |    48 |    41 ||    89
